 Dungeon Crawl Stone Soup version 0.28-a0-1616-g050a50673c (webtiles) character file.

Game seed: 1539080693978576442

119 hatsuma the Magician (level 4, -2/25 HPs)
             Began as a Deep Elf Hedge Wizard on Jan 22, 2022.
             Slain by Sigmund (3 damage)
             ... on level 3 of the Dungeon.
             The game lasted 00:15:55 (3385 turns).

hatsuma the Magician (Deep Elf Hedge Wizard)        Turns: 3385, Time: 00:15:56

Health: -2/25      AC:  2    Str:  7    XL:     4   Next: 73%
Magic:  11/12      EV: 12    Int: 21    God:
Gold:   69         SH:  0    Dex: 14    Spells: 6/11 levels left

rFire   . . .      SeeInvis .   a - +0 dagger
rCold   . . .      Faith    .   (no shield)
rNeg    + . .      Spirit   .   b - +0 robe
rPois   .          Reflect  .   c - +0 hat
rElec   .          Harm     .   (no cloak)
rCorr   .          Rampage  .   (no gloves)
Will    .....                   (no boots)
Stlth   ++........              (no amulet)
HPRegen 0.08/turn               k - ring of positive energy
MPRegen 0.13/turn               (no ring)

@: no status effects
A: no striking features
a: no special abilities


You were on level 3 of the Dungeon.
You visited 1 branch of the dungeon, and saw 3 of its levels.

You collected 69 gold pieces.

Inventory:

Hand Weapons
 a - a +0 dagger (weapon)
Armour
 b - a +0 robe (worn)
 c - a +0 hat (worn)
Jewellery
 k - a ring of positive energy (left hand)
Scrolls
 d - a scroll of magic mapping {unknown}
 f - a scroll of torment {unknown}
 g - a scroll of teleportation {unknown}
 i - a scroll of identify
 j - a scroll of fog
Potions
 h - a potion of lignification {unknown}
 l - a potion of flight {unknown}


   Skills:
 - Level 1.0 Fighting
 - Level 1.0 Short Blades
 + Level 1.1 Armour
 - Level 2.4 Dodging
 - Level 2.4 Stealth
 - Level 4.4 Spellcasting
 - Level 3.0 Conjurations
 - Level 2.0 Summonings
 - Level 2.2 Translocations


You had 6 spell levels left.
You knew the following spells:

 Your Spells              Type           Power      Damage    Failure   Level
a - Magic Dart            Conj           68%        1d6       3%          1
b - Call Imp              Summ           13%        N/A       8%          2
c - Blink                 Tloc           26%        N/A       7%          2

Your spell library contained the following spells:

 Spells                   Type           Power      Damage    Failure   Level
 Slow                     Hex            16%        N/A       12%         1
 Conjure Flame            Conj/Fire      10%        6-21      19%         3
 Mephitic Cloud           Conj/Pois/Air  8%         N/A       22%         3


Dungeon Overview and Level Annotations

Branches:
Dungeon (3/15)

Altars:

Annotations:
D:3 Sigmund


Message History

Your white imp hits Natasha.
Your white imp freezes Natasha.
Natasha casts a spell at you. The magic dart hits you.
* * * LOW HITPOINT WARNING * * *
It was a potion of curing.
You feel better.
Your white imp gestures at Natasha.
The puff of frost misses Natasha.
Something misses your white imp.
Your white imp misses Natasha.
Natasha misses you.
You hit Natasha but do no damage.
Natasha is almost dead.
Something hits your white imp but does no damage.
Your white imp closely misses Natasha.
Natasha barely misses you.
Casting: Call Imp (safe; 8% risk of failure)
Confirm with . or Enter, or press ? or * to list all spells.
Aiming: Magic Dart (safe; 3% risk of failure)
Press: ? - help, Shift-Dir - straight line, f - Natasha
Aim: Natasha (blue smoke, almost dead, ally target, 100% to hit)
The magic dart hits Natasha.
You kill Natasha!
Natasha screams in fury as she dies!
Your Armour skill increases to level 1!
Something closely misses your white imp.
A magic dart appears from out of thin air!
The magic dart hits your white imp! Something barely misses your white imp.
The giant cockroach completely misses your white imp.
You hear some strange, mumbled words.
Your white imp resists with significant effort.
Your white imp disappears in a puff of smoke!
The giant cockroach closely misses you. The giant cockroach closely misses you.
Something hits you!
* * * LOW HITPOINT WARNING * * *
The giant cockroach closely misses you.
You feel yourself speed up. The giant cockroach bites you.
* * * LOW HITPOINT WARNING * * *
There is a stone staircase leading up here.
Something hits you.
You die...

.#..... ##.#... ....^.. ....)..
..........## ##...# ....?......##
###..# #...........####<...###.
#.........................
##.......#........#####...
#.................# .
#.............(B@.#
#§§.§§........{...#
#.{.§.................. .... ....
.....§..........#########..##>...
##.......#####..... .............
........## #....####...........
###......#####.##................
###..###....................)...#
#...## #######.##.........†.....#


You could see a giant cockroach.

Vanquished Creatures
  Natasha (D:3)
  A gnoll (D:2)
  An adder (D:2)
  A worm (D:2)
  A dart slug (D:1)
  2 orcs (D:3)
  5 ball pythons
  3 bats
  6 endoplasms
  A giant cockroach (D:3)
  9 hobgoblins
  2 jackals (D:3)
  4 kobolds
  3 quokkas (D:1)
  2 frilled lizards
  6 goblins
  2 rats (D:1)
50 creatures vanquished.

Vanquished Creatures (collateral kills)
  2 worms (D:2)
  2 goblins (D:2)
  A hobgoblin (D:2)
  A jackal (D:3)
6 creatures vanquished.

Grand Total: 56 creatures vanquished

Notes
Turn   | Place    | Note
-------+----------+-------------------------------------------
     0 | D:1      | hatsuma the Deep Elf Hedge Wizard began the quest for the
                  | Orb.
     0 | D:1      | Reached XP level 1. HP: 10/10 MP: 7/7
   282 | D:1      | Reached skill level 1 in Fighting
   389 | D:1      | Reached XP level 2. HP: 16/16 MP: 3/9
   445 | D:1      | Reached skill level 1 in Short Blades
  1185 | D:2      | Learned a level 2 spell: Call Imp
  1353 | D:2      | Reached XP level 3. HP: 20/20 MP: 6/10
  1653 | D:2      | Learned a level 2 spell: Blink
  2350 | D:2      | Reached XP level 4. HP: 15/25 MP: 0/12
  3348 | D:3      | Noticed Sigmund
  3348 | D:3      | Noticed Natasha
  3372 | D:3      | Killed Natasha
  3373 | D:3      | Reached skill level 1 in Armour
  3384 | D:3      | HP: 1/25 [giant cockroach (2)]
  3385 | D:3      | Slain by Sigmund

Illustrated notes

Levels and vault maps discovered:
D:1:      minmay_arrival_loop, layout_loops_ring, columned_hall_lemuel
D:2:      cheibrodos_greedy_goblins, layout_loops_ring,
          kennysheep_generic_room_9
D:3:      layout_rooms, shapermc_ecumenical_altar_totnotflames, uniq_sigmund,
          uniq_natasha

Skill      XL: |  1  2  3  4 |
---------------+-------------+-----
Fighting       | 1 |  1.0
Short Blades   | 1 |  1.0
Conjurations   | 2 3 |  3.0
Summonings     | 2 |  2.0
Translocations | 2 |  2.2
Armour         | 1 |  1.1
Dodging        | |  2.4
Stealth        | |  2.4
Spellcasting   | |  4.4

Action                   |  1- 3 |  4- 6 || total
-------------------------+-------+-------++-------
Melee: Dagger            |    30 |    68 ||    98
       Punch             |     1 |     2 ||     3
 Cast: Magic Dart        |    89 |    24 ||   113
       Call Imp          |     3 |     4 ||     7
  Use: Scroll            |       |     2 ||     2
       Potion            |       |     1 ||     1
 Stab: Sleeping          |     4 |       ||     4
Armor: Robe              |     3 |    10 ||    13
Dodge: Dodged            |    33 |    52 ||    85

Table legend: (Time is in decaauts)
 A = Elapsed time spent in this place.
 B = Non-inter-level travel time spent in this place.
 C = Inter-level travel time spent in this place.
 D = Time resting spent in this place.
 E = Time spent auto-exploring this place.
 F = Levels seen in this place.
 G = Mean time per level.
                   A        B        C        D        E       F      G
               +--------+--------+--------+--------+--------+-----+--------+
         Total |   3390 |   3298 |     92 |    563 |   2224 |   3 | 1130.0 |
       Dungeon |   3390 |   3298 |     92 |    563 |   2224 |   3 | 1130.0 |
               +--------+--------+--------+--------+--------+-----+--------+

Top non-repeatable levels by time:
     D:2: 1612 daAuts
     D:1: 1303 daAuts
     D:3: 473 daAuts
